3AAA
BLOOMINGTON LONGNECKS @ ALASKAN HUMPBACKS
07/02/2027
 
TOP OF THE 1ST
Bloomington Longnecks batting - Pitching for Alaskan Humpbacks : RHP Sam Mooney
Pitching: RHP Sam Mooney
Batting: LHB Chris Payling 0-0: Ground out U3 (Groundball, 3S)
Batting: RHB Mark Smiley 0-0: Ball
1-0: Foul Ball, location: 2F
1-1: Fly out, F8 (Flyball, 8RM)
Batting: LHB Adrián Gómez 0-0: Called Strike
0-1: Ball
1-1: Ball
2-1: Fly out, F7 (Flyball, 7LMF)
Top of the 1st over - 0 run(s), 0 hit(s), 0 error(s), 0 left on base; Bloomington 0 - Alaskan 0
BOTTOM OF THE 1ST
Alaskan Humpbacks batting - Pitching for Bloomington Longnecks : RHP Pedro Lara
Pitching: RHP Pedro Lara
Batting: RHB Adrian Barr 0-0: Ball
1-0: Fly out, F9 (Flyball, 9S)
Batting: RHB Thom Beach 0-0: Ball
1-0: Foul Ball, location: 2F
1-1: Ground out 6-3 (Groundball, 6)
Batting: RHB Rob Morse 0-0: Swinging Strike
0-1: SINGLE (Line Drive, 9LS)
Batting: RHB Gabriel Rodríguez 0-0: Foul Ball, location: 2F
0-1: Foul Ball, location: 2F
0-2: Ball
1-2: Strikes out swinging
Bottom of the 1st over - 0 run(s), 1 hit(s), 0 error(s), 1 left on base; Bloomington 0 - Alaskan 0
TOP OF THE 2ND
Bloomington Longnecks batting - Pitching for Alaskan Humpbacks : RHP Sam Mooney
Batting: RHB José López 0-0: Called Strike
0-1: Fly out, F4 (Line Drive, 4)
Batting: RHB Michael Hicks 0-0: Ball
1-0: Fly out, F7 (Flyball, 78S)
Batting: RHB Dave Farr 0-0: Ball
1-0: Foul Ball, location: 2F
1-1: Ball
2-1: Foul Ball, location: 2F
2-2: Strikes out swinging
Top of the 2nd over - 0 run(s), 0 hit(s), 0 error(s), 0 left on base; Bloomington 0 - Alaskan 0
BOTTOM OF THE 2ND
Alaskan Humpbacks batting - Pitching for Bloomington Longnecks : RHP Pedro Lara
Batting: RHB Brady Ferris 0-0: Ball
1-0: Called Strike
1-1: Called Strike
1-2: Ball
2-2: Ball
3-2: Base on Balls
Batting: RHB Urs van Munster 0-0: Ball
1-0: Ball
2-0: Ball
3-0: Called Strike
3-1: Foul Ball, location: 2F
3-2: Strikes out swinging
Brady Ferris steals 2nd base
Batter strikes out.
Batting: RHB Sacha Nieuwenburg 0-0: Foul Ball, location: 2F
0-1: Fly out, F2 (Popup, 15)
Batting: LHB Miguel Martínez 0-0: Ball
1-0: Ball
2-0: Foul Ball, location: 2F
2-1: Foul Ball, location: 2F
2-2: Ball
3-2: SINGLE (Groundball, 4MD)
Brady Ferris to third
Brady Ferris scores
Batting: RHB Pedro Méndez 0-0: Ground out 1-3 (Groundball, 13)
Bottom of the 2nd over - 1 run(s), 1 hit(s), 0 error(s), 1 left on base; Bloomington 0 - Alaskan 1
TOP OF THE 3RD
Bloomington Longnecks batting - Pitching for Alaskan Humpbacks : RHP Sam Mooney
Batting: SHB Eugene Bentley 0-0: Foul Ball, location: 2F
0-1: Foul Ball, location: 2F
0-2: Ball
1-2: Strikes out swinging
Batting: RHB Frank Crocker 0-0: Called Strike
0-1: Ball
1-1: Swinging Strike
1-2: Strikes out swinging
Batting: RHB Roberto Alonzo 0-0: Ball
1-0: Called Strike
1-1: Called Strike
1-2: Ball
2-2: Foul Ball, location: 2F
2-2: Foul Ball, location: 2F
2-2: Ball
3-2: Strikes out swinging
Top of the 3rd over - 0 run(s), 0 hit(s), 0 error(s), 0 left on base; Bloomington 0 - Alaskan 1
BOTTOM OF THE 3RD
Alaskan Humpbacks batting - Pitching for Bloomington Longnecks : RHP Pedro Lara
Batting: RHB Adrian Barr 0-0: Ball
1-0: Ground out 6-3 (Groundball, 56)
Batting: RHB Thom Beach 0-0: Called Strike
0-1: Swinging Strike
0-2: Foul Ball, location: 2F
0-2: Fly out, F8 (Flyball, 8RM)
Batting: RHB Rob Morse 0-0: Swinging Strike
0-1: Fly out, F9 (Flyball, 9LSF)
Bottom of the 3rd over - 0 run(s), 0 hit(s), 0 error(s), 0 left on base; Bloomington 0 - Alaskan 1
TOP OF THE 4TH
Bloomington Longnecks batting - Pitching for Alaskan Humpbacks : RHP Sam Mooney
Batting: LHB Chris Payling 0-0: Ball
1-0: SINGLE (Flyball, 8RS)
Batting: RHB Mark Smiley 0-0: Ball
1-0: Ball
Chris Payling is caught stealing 2nd base
2-0: Called Strike
2-1: Swinging Strike
2-2: Ball
3-2: Base on Balls
Batting: LHB Adrián Gómez 0-0: Called Strike
0-1: Ball
1-1: Ball
2-1: Ball
3-1: Swinging Strike
3-2: Strikes out swinging
Mark Smiley steals 2nd base
Batter strikes out.
Batting: RHB José López 0-0: Called Strike
0-1: Ground out 1-3 (Groundball, 13)
Top of the 4th over - 0 run(s), 1 hit(s), 0 error(s), 1 left on base; Bloomington 0 - Alaskan 1
BOTTOM OF THE 4TH
Alaskan Humpbacks batting - Pitching for Bloomington Longnecks : RHP Pedro Lara
Batting: RHB Gabriel Rodríguez 0-0: Called Strike
0-1: Ball
1-1: Foul Ball, location: 2F
1-2: Foul Ball, location: 2F
1-2: Strikes out swinging, 2-3 out at first.
Batting: RHB Brady Ferris 0-0: Foul Ball, location: 2F
0-1: Ball
1-1: Ground out 3-1 (Groundball, 34S)
Batting: RHB Urs van Munster 0-0: SINGLE (Groundball, 56D)
Batting: RHB Sacha Nieuwenburg 0-0: Ball
1-0: Ball
2-0: Called Strike
2-1: Foul Ball, location: 2F
2-2: Fielders Choice at 2nd, 6-4 (Groundball, 6)
Bottom of the 4th over - 0 run(s), 1 hit(s), 0 error(s), 0 left on base; Bloomington 0 - Alaskan 1
TOP OF THE 5TH
Bloomington Longnecks batting - Pitching for Alaskan Humpbacks : RHP Sam Mooney
Batting: RHB Michael Hicks 0-0: Called Strike
0-1: Ball
1-1: Ball
2-1: Fly out, F9 (Flyball, 9LD)
Batting: RHB Dave Farr 0-0: Ball
1-0: Ball
2-0: Ball
3-0: Called Strike
3-1: Swinging Strike
3-2: Strikes out looking
Batting: SHB Eugene Bentley 0-0: Ball
1-0: Ball
2-0: Ball
3-0: Called Strike
3-1: Ground out 4-3 (Groundball, 4)
Top of the 5th over - 0 run(s), 0 hit(s), 0 error(s), 0 left on base; Bloomington 0 - Alaskan 1
BOTTOM OF THE 5TH
Alaskan Humpbacks batting - Pitching for Bloomington Longnecks : RHP Pedro Lara
Batting: LHB Miguel Martínez 0-0: Called Strike
0-1: Ball
1-1: Called Strike
1-2: Ball
2-2: Ball
3-2: Strikes out swinging
Batting: RHB Pedro Méndez 0-0: Called Strike
0-1: Swinging Strike
0-2: Ball
1-2: Ball
2-2: Foul Ball, location: 2F
2-2: Ball
3-2: Foul Ball, location: 2F
3-2: Base on Balls
Batting: RHB Adrian Barr 0-0: Ball
Wild Pitch!
Pedro Méndez to second
1-0: Reached on error, E5 (Groundball, 56)
Pedro Méndez to third
Batting: RHB Thom Beach 0-0: Foul Ball, location: 2F
0-1: Ball
1-1: Foul Ball, location: 2F
1-2: SINGLE (Groundball, 56D)
Pedro Méndez scores
Adrian Barr to second
Batting: RHB Rob Morse 0-0: Ball
1-0: Ball
2-0: Ball
3-0: Base on Balls
Adrian Barr to third
Thom Beach to second
Batting: RHB Gabriel Rodríguez 0-0: Ball
1-0: Called Strike
1-1: Called Strike
1-2: Ball
2-2: Ball
3-2: SINGLE (Line Drive, 4D)
Adrian Barr scores
Thom Beach to third
Rob Morse to second
Runner from 3rd tries for Home, throw and OUT!
Batting: RHB Brady Ferris 0-0: Called Strike
0-1: Called Strike
0-2: Ball
1-2: Ball
2-2: Ball
3-2: Fly out, F5 (Popup, 56)
Bottom of the 5th over - 2 run(s), 2 hit(s), 1 error(s), 2 left on base; Bloomington 0 - Alaskan 3
TOP OF THE 6TH
Bloomington Longnecks batting - Pitching for Alaskan Humpbacks : RHP Sam Mooney
Batting: RHB Frank Crocker 0-0: Foul Ball, location: 2F
0-1: Called Strike
0-2: Strikes out looking
Batting: RHB Roberto Alonzo 0-0: Swinging Strike
0-1: Foul Ball, location: 2F
0-2: Fly out, F3 (Popup, 3S)
Batting: LHB Chris Payling 0-0: Ball
1-0: Foul Ball, location: 2F
1-1: Swinging Strike
1-2: Fly out, F9 (Line Drive, 9)
Top of the 6th over - 0 run(s), 0 hit(s), 0 error(s), 0 left on base; Bloomington 0 - Alaskan 3
BOTTOM OF THE 6TH
Alaskan Humpbacks batting - Pitching for Bloomington Longnecks : RHP Pedro Lara
Batting: RHB Urs van Munster 0-0: Called Strike
0-1: Fly out, F8 (Flyball, 8LS)
Batting: RHB Sacha Nieuwenburg 0-0: Called Strike
0-1: Called Strike
0-2: Foul Ball, location: 2F
0-2: Ball
1-2: Ground out 6-3 (Groundball, 6)
Batting: LHB Miguel Martínez 0-0: Called Strike
0-1: Ball
1-1: Ball
2-1: Foul Ball, location: 2F
2-2: Foul Ball, location: 2F
2-2: Ball
3-2: SINGLE (Flyball, 78S)
Batting: RHB Pedro Méndez 0-0: Ball
1-0: Fielders Choice at 2nd, 5-4 (Groundball, 5L)
Bottom of the 6th over - 0 run(s), 1 hit(s), 0 error(s), 0 left on base; Bloomington 0 - Alaskan 3
TOP OF THE 7TH
Bloomington Longnecks batting - Pitching for Alaskan Humpbacks : RHP Sam Mooney
Batting: RHB Mark Smiley 0-0: Foul Ball, location: 2F
0-1: Foul Ball, location: 2F
0-2: Ball
1-2: Foul Ball, location: 2F
1-2: Ball
2-2: Foul Ball, location: 2F
2-2: Foul Ball, location: 2F
2-2: Foul Ball, location: 2F
2-2: Strikes out swinging
Pitching: RHP Fernando Peralta
Batting: LHB Adrián Gómez 0-0: SINGLE (Groundball, 6D)
Batting: RHB José López 0-0: Ball
1-0: Ball
2-0: Fly out, F5 (Popup, 5S)
Batting: RHB Michael Hicks 0-0: Called Strike
0-1: Swinging Strike
0-2: Strikes out swinging
Top of the 7th over - 0 run(s), 1 hit(s), 0 error(s), 1 left on base; Bloomington 0 - Alaskan 3
BOTTOM OF THE 7TH
Alaskan Humpbacks batting - Pitching for Bloomington Longnecks : RHP Pedro Lara
Batting: RHB Adrian Barr 0-0: Ball
1-0: Called Strike
1-1: Called Strike
1-2: Ball
2-2: Ball
3-2: Base on Balls
Batting: RHB Thom Beach 0-0: Sac Bunt - play at first, batter OUT! 5-3
Adrian Barr to second
Batting: RHB Rob Morse 0-0: Swinging Strike
0-1: Called Strike
0-2: Ball
1-2: Ball
2-2: Ball
3-2: Base on Balls
Pitching: RHP Nick Taylor
Batting: RHB Gabriel Rodríguez 0-0: Grounds into double play, 4-6-3 (Groundball, 34)
Bottom of the 7th over - 0 run(s), 0 hit(s), 0 error(s), 1 left on base; Bloomington 0 - Alaskan 3
TOP OF THE 8TH
Bloomington Longnecks batting - Pitching for Alaskan Humpbacks : RHP Fernando Peralta
Batting: RHB Dave Farr 0-0: Ball
1-0: Ball
2-0: Ball
3-0: Called Strike
3-1: Ground out 5-3 (Groundball, 56)
Batting: SHB Eugene Bentley 0-0: Foul Ball, location: 2F
0-1: Called Strike
0-2: Strikes out swinging
Batting: RHB Frank Crocker 0-0: Ball
1-0: Ball
2-0: Foul Ball, location: 2F
2-1: Ball
3-1: Foul Ball, location: 2F
3-2: Reached on error, E5 (Groundball, 56)
Batting: RHB Roberto Alonzo 0-0: Ball
1-0: Ball
2-0: Foul Ball, location: 2F
2-1: Fly out, F9 (Flyball, 89M)
Top of the 8th over - 0 run(s), 0 hit(s), 1 error(s), 1 left on base; Bloomington 0 - Alaskan 3
BOTTOM OF THE 8TH
Alaskan Humpbacks batting - Pitching for Bloomington Longnecks : RHP Nick Taylor
Batting: RHB Brady Ferris 0-0: Foul Ball, location: 2F
0-1: Ball
1-1: Foul Ball, location: 2F
1-2: Ground out 1-3 (Groundball, P)
Batting: RHB Urs van Munster 0-0: Foul Ball, location: 2F
0-1: Ball
1-1: Foul Ball, location: 2F
1-2: Ball
2-2: Foul Ball, location: 2F
2-2: Ball
3-2: Base on Balls
Batting: RHB Sacha Nieuwenburg 0-0: Called Strike
0-1: Swinging Strike
0-2: Strikes out looking
Batting: LHB Miguel Martínez 0-0: Ball
1-0: Called Strike
1-1: Swinging Strike
1-2: Ball
2-2: Strikes out swinging
Bottom of the 8th over - 0 run(s), 0 hit(s), 0 error(s), 1 left on base; Bloomington 0 - Alaskan 3
TOP OF THE 9TH
Bloomington Longnecks batting - Pitching for Alaskan Humpbacks : RHP Fernando Peralta
Pitching: LHP Jim Unknown
Batting: LHB Chris Payling 0-0: SINGLE (Line Drive, 34D)
Batting: RHB Mark Smiley 0-0: Called Strike
0-1: Ball
1-1: Ball
2-1: Swinging Strike
2-2: SINGLE (Groundball, 56D)
Chris Payling to second
Batting: LHB Adrián Gómez 0-0: Ball
1-0: Ball
2-0: Ball
3-0: Called Strike
3-1: 3-RUN HOME RUN (Flyball, 9D), Distance : 393 ft
Pitching: RHP Jim Unknown
Pinch Hitting: LHB Luis Velázquez 0-0: SINGLE (Line Drive, 9S)
Pinch Hitting: SHB Jared Jefferson 0-0: Foul Ball, location: 2F
0-1: Ball
1-1: SINGLE (Groundball, 4MD)
Luis Velázquez to second
Batting: RHB Dave Farr 0-0: Sac Bunt - play at third, runner OUT! 2-6
Jared Jefferson to second
Batting: SHB Eugene Bentley 0-0: Ball
1-0: Called Strike
1-1: Ball
2-1: Called Strike
2-2: Fly out, F5 (Line Drive, 5S)
Batting: RHB Frank Crocker 0-0: Swinging Strike
0-1: SINGLE (Groundball, 6MD)
Jared Jefferson to third
Dave Farr to second
Runner from 3rd tries for Home, throw and OUT!
Top of the 9th over - 3 run(s), 6 hit(s), 0 error(s), 2 left on base; Bloomington 3 - Alaskan 3
BOTTOM OF THE 9TH
Alaskan Humpbacks batting - Pitching for Bloomington Longnecks : RHP Nick Taylor
Now at 1B: Luis Velázquez
Now at 2B: Jim Unknown
Batting: RHB Pedro Méndez 0-0: Ball
1-0: Ball
2-0: Foul Ball, location: 2F
2-1: Called Strike
2-2: SINGLE (Groundball, 56D)
Batting: RHB Adrian Barr 0-0: Ball
1-0: Called Strike
1-1: Called Strike
1-2: Ball
2-2: Strikes out swinging
Batting: RHB Thom Beach 0-0: Called Strike
0-1: Ball
1-1: Called Strike
1-2: Foul Ball, location: 2F
1-2: Foul Ball, location: 2F
1-2: SINGLE (Line Drive, 6D)
Pedro Méndez to second
Pinch Runner at 2nd Tony Martínez:
Batting: RHB Rob Morse 0-0: Called Strike
0-1: Swinging Strike
0-2: Ball
1-2: Foul Ball, location: 2F
1-2: Fly out, F8 (Flyball, 8RD)
Runner from 2nd tags up, SAFE at 3rd, no throw
Batting: RHB Gabriel Rodríguez 0-0: Called Strike
0-1: Ball
1-1: Ball
2-1: Foul Ball, location: 2F
2-2: Foul Ball, location: 2F
2-2: Ball
3-2: Strikes out swinging
Bottom of the 9th over - 0 run(s), 2 hit(s), 0 error(s), 2 left on base; Bloomington 3 - Alaskan 3
TOP OF THE 10TH
Bloomington Longnecks batting - Pitching for Alaskan Humpbacks : RHP Jim Unknown
Pinch Hitting: LHB Fernando González 0-0: Ball
1-0: Foul Ball, location: 2F
1-1: Ball
2-1: Ball
3-1: Called Strike
3-2: Base on Balls
Batting: LHB Chris Payling 0-0: SINGLE (Groundball, 34D)
Fernando González to second
Batting: RHB Mark Smiley 0-0: Sac Bunt - play at third, runner OUT -> throw to first, DP!
Chris Payling to second
Batting: LHB Adrián Gómez 0-0: Foul Ball, location: 2F
0-1: Ball
1-1: Called Strike
1-2: Ball
2-2: Foul Ball, location: 2F
2-2: SINGLE (Groundball, 6MD)
Chris Payling to third
Runner from 3rd tries for Home, SAFE, no throw
Batting: LHB Luis Velázquez 0-0: Swinging Strike
0-1: Ball
1-1: Foul Ball, location: 2F
1-2: Ball
2-2: Ball
3-2: Fly out, F8 (Line Drive, 78D)
Top of the 10th over - 1 run(s), 2 hit(s), 0 error(s), 1 left on base; Bloomington 4 - Alaskan 3
BOTTOM OF THE 10TH
Alaskan Humpbacks batting - Pitching for Bloomington Longnecks : RHP Nick Taylor
Pitching: LHP Walt Cooley
Now at C: Raúl Andrade
Now in RF: Steve Ladner
Pinch Hitting: RHB Jack Peck 0-0: Ball
1-0: Called Strike
1-1: Swinging Strike
1-2: Ball
2-2: Ball
3-2: Base on Balls
Batting: RHB Urs van Munster 0-0: Called Strike
0-1: Ball
1-1: Foul Ball, location: 2F
1-2: Foul Ball, location: 2F
1-2: Ball
2-2: Ball
3-2: Base on Balls
Jack Peck to second
Batting: RHB Sacha Nieuwenburg 0-0: Bunted foul
0-1: Bunt - Flyout! F1
Pinch Hitting: RHB Keith Bane 0-0: Ball
1-0: Foul Ball, location: 2F
1-1: Ball
2-1: Foul Ball, location: 2F
2-2: Ball
3-2: Grounds into double play, 6-4-3 (Groundball, 56)
Bottom of the 10th over - 0 run(s), 0 hit(s), 0 error(s), 1 left on base; Bloomington 4 - Alaskan 3
Saturday, May 26th, 2018 - OOTP Baseball 17.12 Build 75